Workbook

Sheet Form 2
A1: TRIANGLE INDUSTRIAL CITY IMPROVEMENT DISTRICT
A3: 5 YEAR BUDGET AS PER BUSINESS PLAN
C5: REVIEWED 2016/17 | G5: REVIEWED 2017/18 | K5: 2018/19 | O5: 2019/20 | S5: 2020/21
B6: EXPENDITURE | D6: R | H6: R | L6: R | P6: R | T6: R
B8: Employee Related | D8: =SUM(D9:D9:D12) -> 306915.18 | E8: =+D8/$D$90 -> 0.15248192 | H8: =SUM(H9:H9:H12) -> 328262.74 | I8: =+H8/$H$90 -> 0.14875527 | L8: =SUM(L9:L9:L12) -> 351104.63 | M8: =+L8/$L$90 -> 0.156727 | P8: =SUM(P9:P9:P12) -> 375545.46 | Q8: =+P8/$P$90 -> 0.15882975 | T8: =SUM(T9:T9:T12) -> 401697.14 | U8: =+T8/$T$90 -> 0.15943959
B9: Salaries | D9: =(22131*12)*1.06 -> 281506.32 | H9: =+D9*1.07 -> 301211.76 | L9: =+H9*1.07 -> 322296.59 | P9: =+L9*1.07 -> 344857.35 | T9: =+P9*1.07 -> 368997.36
B10: UIF | D10: =150*13 -> 1950 | H10: =+D10 -> 1950 | L10: =+H10 -> 1950 | P10: =+L10 -> 1950 | T10: =+P10 -> 1950
B11: Transport allowance | D11: 0 | H11: 0 | L11: 0 | P11: 0 | T11: 0
B12: Bonus Provision | D12: =(22131)*1.06 -> 23458.86 | H12: =+D12*1.07 -> 25100.98 | L12: =+H12*1.07 -> 26858.049 | P12: =+L12*1.07 -> 28738.112 | T12: =+P12*1.07 -> 30749.78
B14: Core Business | D14: =SUM(D15:D20) -> 1314368 | E14: =+D14/$D$90 -> 0.65300568 | H14: =SUM(H15:H20) -> 1486543.4 | I14: =+H14/$H$90 -> 0.6736408 | L14: =SUM(L15:L20) -> 1518726.4 | M14: =+L14/$L$90 -> 0.67793304 | P14: =SUM(P15:P20) -> 1623357.2 | Q14: =+P14/$P$90 -> 0.68656782 | T14: =SUM(T15:T20) -> 1735312.2 | U14: =+T14/$T$90 -> 0.68877131
B15: Cleansing Services | D15: 285000 | H15: 304192.44 | L15: =+H15*1.07 -> 325485.91 | P15: =+L15*1.07 -> 348269.92 | T15: =+P15*1.07 -> 372648.82
B16: Environmental Upgrading | D16: 24000 | H16: 24000 | L16: 24000 | P16: 24000 | T16: 24000
B17: Law Enforcement Officers | D17: 0 | H17: 0 | L17: =+H17*1.07 -> 0 | P17: =+L17*1.07 -> 0 | T17: =+P17*1.07 -> 0
B18: Security Services - CCTV monitoring | D18: 22260 | H18: 107151 | L18: 25485.474 | P18: =+L18*1.07 -> 27269.457 | T18: =+P18*1.07 -> 29178.319
B19: Security Services | D19: 979596 | H19: 1051200 | L19: 1143755 | P19: =+L19*1.07 -> 1223817.9 | T19: =+P19*1.07 -> 1309485.1
B20: Social Upliftment | D20: 3512 | H20: 0 | L20: =+H20*1.07 -> 0 | P20: =+L20*1.07 -> 0 | T20: =+P20*1.07 -> 0
B22: Depreciation | D22: =10000*12 -> 120000 | E22: =+D22/$D$90 -> 0.059618525 | H22: =10000*12 -> 120000 | I22: =+H22/$H$90 -> 0.054379101 | L22: =10000*12 -> 120000 | M22: =+L22/$L$90 -> 0.053565912 | P22: =10000*12 -> 120000 | Q22: =+P22/$P$90 -> 0.0507517 | T22: =10000*12 -> 120000 | U22: =+T22/$T$90 -> 0.04762979
B23: Repairs and Maintenance | D23: 14209 | E23: =+D23/$D$90 -> 0.0070593302 | H23: 36000 | I23: =+H23/$H$90 -> 0.01631373 | L23: 16266.739 | M23: =+L23/$L$90 -> 0.0072611894 | P23: =+L23*1.07 -> 17405.411 | Q23: =+P23/$P$90 -> 0.0073612849 | T23: =+P23*1.07 -> 18623.79 | U23: =+T23/$T$90 -> 0.0073920599
B24: Services Accounts ex CCT | D24: 0 | E24: =+D24/$D$90 -> 0 | H24: 0 | I24: =+H24/$H$90 -> 0 | L24: 0 | M24: =+L24/$L$90 -> 0 | P24: 0 | Q24: =+P24/$P$90 -> 0 | T24: 0 | U24: =+T24/$T$90 -> 0
B25: Interest Paid | D25: 0 | E25: =+D25/$D$90 -> 0 | H25: 0 | I25: =+H25/$H$90 -> 0 | L25: 0 | M25: =+L25/$L$90 -> 0 | P25: 0 | Q25: =+P25/$P$90 -> 0 | T25: 0 | U25: =+T25/$T$90 -> 0
B27: General Expenditure | D27: =SUM(D28:D55) -> 147026 | E27: =+D27/$D$90 -> 0.073045611 | H27: =SUM(H28:H55) -> 137313.95 | I27: =+H27/$H$90 -> 0.062225074 | L27: =SUM(L28:L55) -> 146925.92 | M27: =+L27/$L$90 -> 0.065585175 | P27: =SUM(P28:P55) -> 157210.74 | Q27: =+P27/$P$90 -> 0.066489267 | T27: =SUM(T28:T55) -> 168215.49 | U27: =+T27/$T$90 -> 0.066767236
B28: Accommodation (Rent) | D28: 0 | H28: 0 | L28: =+H28*1.07 -> 0 | P28: =+L28*1.07 -> 0 | T28: =+P28*1.07 -> 0
B29: Accounting fees | D29: 950 | H29: 0 | L29: =+H29*1.07 -> 0 | P29: =+L29*1.07 -> 0 | T29: =+P29*1.07 -> 0
B30: Administration and management fees | D30: 23160 | H30: 24417.058 | L30: =+H30*1.07 -> 26126.252 | P30: =+L30*1.07 -> 27955.089 | T30: =+P30*1.07 -> 29911.945
B31: Auditor's remuneration | D31: 11527 | H31: 12334.008 | L31: =+H31*1.07 -> 13197.388 | P31: =+L31*1.07 -> 14121.205 | T31: =+P31*1.07 -> 15109.69
B32: Avertising | D32: 6000 | H32: 0 | L32: =+H32*1.07 -> 0 | P32: =+L32*1.07 -> 0 | T32: =+P32*1.07 -> 0
B33: Bank charges | D33: 6900 | H33: 6420 | L33: =+H33*1.07 -> 6869.4 | P33: =+L33*1.07 -> 7350.258 | T33: =+P33*1.07 -> 7864.7761
B34: Computer expenses (including Website) | D34: 27000 | H34: 6464.94 | L34: =+H34*1.07 -> 6917.4858 | P34: =+L34*1.07 -> 7401.7098 | T34: =+P34*1.07 -> 7919.8295
B35: Contingency / Sundry | D35: 9000 | H35: 6420 | L35: =+H35*1.07 -> 6869.4 | P35: =+L35*1.07 -> 7350.258 | T35: =+P35*1.07 -> 7864.7761
B36: Donations | D36: 0 | H36: 0 | L36: =+H36*1.07 -> 0 | P36: =+L36*1.07 -> 0 | T36: =+P36*1.07 -> 0
B37: Entertainment | D37: 0 | H37: 0 | L37: =+H37*1.07 -> 0 | P37: =+L37*1.07 -> 0 | T37: =+P37*1.07 -> 0
B38: Insurance | D38: 14744 | H38: 16050 | L38: =+H38*1.07 -> 17173.5 | P38: =+L38*1.07 -> 18375.645 | T38: =+P38*1.07 -> 19661.94
B39: Lease rental on equipment | D39: 0 | H39: 0 | L39: =+H39*1.07 -> 0 | P39: =+L39*1.07 -> 0 | T39: =+P39*1.07 -> 0
... B55: Other: Specify | D55: 0 | H55: 0 | L55: =+H55*1.07 -> 0 | P55: =+L55*1.07 -> 0 | T55: =+P55*1.07 -> 0
B57: Operational Projects | D57: =SUM(D58:D62) -> 0 | E57: =+D57/$D$90 -> 0 | H57: =SUM(H58:H62) -> 0 | I57: =H57/H90 -> 0 | L57: =SUM(L58:L62) -> 0 | M57: =L57/L90 -> 0 | P57: =SUM(P58:P62) -> 0 | Q57: =P57/P90 -> 0 | T57: =SUM(T58:T62) -> 0 | U57: =T57/T90 -> 0
B58: Provide Detail | D58: 0 | H58: 0 | L58: 0 | P58: 0 | T58: 0
B59: Provide Detail | D59: 0 | H59: 0 | L59: 0 | P59: 0 | T59: 0
B60: Provide Detail | D60: 0 | H60: 0 | L60: 0 | P60: 0 | T60: 0
B61: Provide Detail | D61: 0 | H61: 0 | L61: 0 | P61: 0 | T61: 0
B62: Provide Detail | D62: 0 | H62: 0 | L62: 0 | P62: 0 | T62: 0
B64: Capital Projects | D64: =SUM(D65:D69) -> 0 | E64: =+D64/$D$90 -> 0 | H64: =SUM(H65:H69) -> 0 | I64: =H64/H90 -> 0 | L64: =SUM(L65:L69) -> 0 | M64: =L64/L90 -> 0 | P64: =SUM(P65:P69) -> 0 | Q64: =P64/P90 -> 0 | T64: =SUM(T65:T69) -> 0 | U64: =T64/T90 -> 0
B65: Provide Detail | D65: 0 | H65: 0 | L65: 0 | P65: 0 | T65: 0
B66: Provide Detail | D66: 0 | H66: 0 | L66: 0 | P66: 0 | T66: 0
B67: Provide Detail | D67: 0 | H67: 0 | L67: 0 | P67: 0 | T67: 0
B68: Provide Detail | D68: 0 | H68: 0 | L68: 0 | P68: 0 | T68: 0
B69: Provide Detail | D69: 0 | H69: 0 | L69: 0 | P69: 0 | T69: 0
B71: Capital Expenditure (PPE) | D71: =SUM(D72:D80) -> 50000 | E71: =+D71/$D$90 -> 0.024841052 | H71: =SUM(H72:H80) -> 35000 | I71: =H71/H90 -> 0.015860571 | L71: =SUM(L72:L80) -> 20000 | M71: =L71/L90 -> 0.008927652 | P71: =SUM(P72:P80) -> 0 | Q71: =P71/P90 -> 0 | T71: =SUM(T72:T80) -> 0 | U71: =T71/T90 -> 0
B72: Office Furniture | D72: 0 | H72: 0 | L72: 0 | P72: 0 | T72: 0
B73: Office Equipment | D73: 0 | H73: 0 | L73: 0 | P73: 0 | T73: 0
B74: Computer Equipment | D74: 0 | H74: 15000 | L74: 0 | P74: 0 | T74: 0
B75: CCTV Cameras | D75: 50000 | H75: 0 | L75: 0 | P75: 0 | T75: 0
B76: Fence | D76: 0 | H76: 20000 | L76: 20000 | P76: 0 | T76: 0
B77: Security Equipment | D77: 0 | H77: 0 | L77: 0 | P77: 0 | T77: 0
B78: Vehicles | D78: 0 | H78: 0 | L78: 0 | P78: 0 | T78: 0
B79: Other: Specify | D79: 0 | H79: 0 | L79: 0 | P79: 0 | T79: 0
B80: Other: Specify | D80: 0 | H80: 0 | L80: 0 | P80: 0 | T80: 0
B82: Future Provision | D82: =SUM(D83:D86) -> 0 | E82: =D82/$D90 -> 0 | H82: =SUM(H83:H86) -> 0 | I82: =H82/$H90 -> 0 | L82: =SUM(L83:L86) -> 0 | M82: =L82/$L90 -> 0 | P82: =SUM(P83:P86) -> 0 | Q82: =P82/$P90 -> 0 | T82: =SUM(T83:T86) -> 0 | U82: =T82/$T90 -> 0
B83: Assets | D83: 0 | H83: 0 | L83: 0 | P83: 0 | T83: 0
B84: Operational Project | D84: 0 | H84: 0 | L84: 0 | P84: 0 | T84: 0
B85: Capital Project | D85: 0 | H85: 0 | L85: 0 | P85: 0 | T85: 0
B86: Other: Specify | D86: 0 | H86: 0 | L86: 0 | P86: 0 | T86: 0
B88: Bad Debt Provision 3% | D88: =ROUND(((D27+D71+D82+D25+D24+D23+D22+D14+D8+D57+D64+D96+D97)/97*3),0) -> 60279 | E88: =+D88/$D$90 -> 0.029947876 | H88: =ROUND(((H27+H71+H82+H25+H24+H23+H22+H14+H8+H57+H64+H96+H97)/97*3),0) -> 63610 | I88: =+H88/$H$90 -> 0.028825455 | L88: =ROUND(((L27+L71+L82+L25+L24+L23+L22+L14+L8+L57+L64+L96+L97)/97*3),0) -> 67207 | M88: =+L88/$L$90 -> 0.030000036 | P88: =ROUND(((P27+P71+P82+P25+P24+P23+P22+P14+P8+P57+P64+P96+P97)/97*3),0) -> 70934 | Q88: =+P88/$P$90 -> 0.030000175 | T88: =ROUND(((T27+T71+T82+T25+T24+T23+T22+T14+T8+T57+T64+T96+T97)/97*3),0) -> 75583 | U88: =+T88/$T$90 -> 0.03000002
B90: TOTAL EXPENDITURE | D90: =+D25+D24+D23+D22+D14+D8+D27+D88+D71+D82+D57+D64 -> 2012797.2 | E90: =SUM(E8:E89) -> 1 | H90: =+H25+H24+H23+H22+H14+H8+H27+H88+H71+H82+H57+H64 -> 2206730.1 | I90: =SUM(I8:I89) -> 1 | L90: =+L25+L24+L23+L22+L14+L8+L27+L88+L71+L82+L57+L64 -> 2240230.7 | M90: =SUM(M8:M89) -> 1 | P90: =+P25+P24+P23+P22+P14+P8+P27+P88+P71+P82+P57+P64 -> 2364452.8 | Q90: =SUM(Q8:Q89) -> 1 | T90: =+T25+T24+T23+T22+T14+T8+T27+T88+T71+T82+T57+T64 -> 2519431.7 | U90: =SUM(U8:U89) -> 1
B93: INCOME | D93: R | H93: R | L93: R | P93: R | T93: R
B95: Revenue - SRA Add Rates | D95: -2009285 | E95: =D95/D99 -> 0.99825516 | H95: -2120330 | I95: =H95/H99 -> 0.96084705 | L95: -2240231 | M95: =L95/L99 -> 1 | P95: -2364453 | Q95: =P95/P99 -> 1 | T95: -2519432 | U95: =T95/T99 -> 1
B96: Other: Recycling | D96: -3512 | E96: =D96/D99 -> 0.0017448357 | H96: 0 | I96: =H96/H99 -> 0 | L96: 0 | M96: =L96/L99 -> 0 | P96: 0 | Q96: =P96/P99 -> 0 | T96: 0 | U96: =T96/T99 -> 0
B97: Other: Accumulated Surplus | D97: 0 | E97: =D97/D99 -> 0 | H97: -86400 | I97: =H97/H99 -> 0.039152955 | L97: 0 | M97: =L97/L99 -> 0 | P97: 0 | Q97: =P97/P99 -> 0 | T97: 0 | U97: =T97/T99 -> 0
B99: TOTAL INCOME | D99: =SUM(D95:D98) -> -2012797 | E99: =SUM(E95:E97) -> 1 | H99: =SUM(H95:H98) -> -2206730 | I99: =SUM(I95:I97) -> 1 | L99: =SUM(L95:L98) -> -2240231 | M99: =SUM(M95:M97) -> 1 | P99: =SUM(P95:P98) -> -2364453 | Q99: =SUM(Q95:Q97) -> 1 | T99: =SUM(T95:T98) -> -2519432 | U99: =SUM(U95:U97) -> 1
B102: (SURPLUS) / SHORTFALL | D102: =(D90+D99) -> 0.18 | H102: =+H90+H99 -> 0.1279 | L102: =+L90+L99 -> -0.319947 | P102: =+P90+P99 -> -0.16234329 | T102: =+T90+T99 -> -0.34370732
B106: GROWTH: EXPENDITURE | D106: =D90/D115-1 -> 0.064686447 | H106: =H90/D90-1 -> 0.09634997 | L106: =L90/H90-1 -> 0.015181083 | P106: =P90/L90-1 -> 0.05545061 | T106: =T90/P90-1 -> 0.06554532
B108: GROWTH: SRA RATES | D108: =D95/-D115-1 -> 0.062828649 | H108: =H95/D95-1 -> 0.055265928 | L108: =L95/H95-1 -> 0.056548273 | P108: =P95/L95-1 -> 0.055450532 | T108: =T95/P95-1 -> 0.065545393
B115: Approved Budget for 2015/16 | D115: 1890507

Sheet Form 3
B1: ='Form 2'!A1:A1 -> TRIANGLE INDUSTRIAL CITY IMPROVEMENT DISTRICT
B2: 2018/19
B3: PROPOSED BUDGET
C5: As per Business Plan | G5: Proposed Budget | K5: Variance
B6: INCOME | D6: R | H6: R | L6: R
B8: Revenue - Add. Rates | D8: ='Form 2'!L95 -> -2240231 | E8: =D8/D12 -> 1 | H8: -2240231 | I8: =H8/H12 -> 0.9983956 | L8: =H8-D8 -> 0 | M8: =L8/D12 -> 0
B9: Other: Recycling | D9: 0 | E9: =D9/D12 -> 0 | H9: =-300*12 -> -3600 | I9: =H9/H12 -> 0.0016043989 | L9: =H9-D9 -> -3600 | M9: =L9/D12 -> 0.0016069771
B10: Other: Accumulated Surplus | D10: 0 | E10: =D10/D12 -> 0 | I10: =H10/H12 -> 0 | L10: =H10-D10 -> 0 | M10: =L10/D12 -> 0
B12: TOTAL INCOME | D12: =SUM(D8:D11) -> -2240231 | E12: =SUM(E8:E11) -> 1 | H12: =SUM(H8:H11) -> -2243831 | I12: =SUM(I8:I11) -> 1 | L12: =SUM(L8:L11) -> -3600 | M12: =SUM(M8:M11) -> 0.0016069771
B15: EXPENDITURE | D15: R | H15: R | L15: R
B17: Employee Related | D17: =SUM(D18:D22) -> 351104.63 | E17: =D17/$D$90 -> 0.156727 | H17: =SUM(H18:H18:H22) -> 350907 | I17: =H17/$H$90 -> 0.15638744 | L17: =SUM(L18:L18:L22) -> -197.63458 | M17: =L17/$D$90 -> -8.8220639e-05
B18: Salaries and Wages | D18: ='Form 2'!L9 -> 322296.59 | H18: 322297 | L18: =H18-D18 -> 0.414232
B19: PAYE, UIF & SDL | D19: ='Form 2'!L10 -> 1950 | H19: 1752 | L19: =H19-D19 -> -198
B20: Allowances: Locomotion | D20: ='Form 2'!L11 -> 0 | H20: 0 | L20: =H20-D20 -> 0
B21: COIDA | D21: 0 | H21: 0 | L21: =H21-D21 -> 0
B22: Bonus provision | D22: ='Form 2'!L12 -> 26858.049 | H22: 26858 | L22: =H22-D22 -> -0.048814
B24: Core Business | D24: =SUM(D25:D31) -> 1518726.4 | E24: =+D24/$D$90 -> 0.67793304 | H24: =SUM(H25:H31) -> 1498376 | I24: =+H24/$H$90 -> 0.66777576 | L24: =SUM(L25:L31) -> -20350.385 | M24: =+L24/$D$90 -> -0.0090840577
B25: Cleansing services | D25: ='Form 2'!L15 -> 325485.91 | H25: =25200*1.07*12 -> 323568 | L25: =H25-D25 -> -1917.9108
B26: Environmental upgrading | D26: ='Form 2'!L16 -> 24000 | H26: 24000 | L26: =H26-D26 -> 0
B27: Law Enforcement Officers | D27: ='Form 2'!L17 -> 0 | H27: 0 | L27: =H27-D27 -> 0
B28: Public Safety | D28: ='Form 2'!L19 -> 1143755 | H28: 1121723 | L28: =H28-D28 -> -22032
B29: Public Safety - CCTV monitoring | D29: ='Form 2'!L18 -> 25485.474 | H29: 25485 | L29: =H29-D29 -> -0.474
B30: Social upliftment | D30: ='Form 2'!L20 -> 0 | H30: 3600 | L30: =H30-D30 -> 3600
B31: Urban Maintenance | L31: =H31-D31 -> 0
B33: Depreciation | D33: ='Form 2'!L22 -> 120000 | E33: =+D33/$D$90 -> 0.053565912 | H33: =10710*12 -> 128520 | I33: =+H33/$H$90 -> 0.057277039 | L33: =H33-D33 -> 8520 | M33: =+L33/$D$90 -> 0.0038031798
B34: Repairs & Maintenance | D34: ='Form 2'!L23 -> 16266.739 | E34: =+D34/$D$90 -> 0.0072611894 | H34: =1000*12+(1405*1.07)*12 -> 30040.2 | I34: =+H34/$H$90 -> 0.013387906 | L34: =H34-D34 -> 13773.461 | M34: =+L34/$D$90 -> 0.0061482333
B35: Interest & Redemption | D35: 0 | E35: =+D35/$D$90 -> 0 | I35: =+H35/$H$90 -> 0 | L35: =H35-D35 -> 0 | M35: =+L35/$D$90 -> 0
B37: General Expenditure | D37: =SUM(D38:D68) -> 146925.92 | E37: =+D37/$D$90 -> 0.065585175 | H37: =SUM(H38:H68) -> 148780.87 | I37: =+H37/$H$90 -> 0.066306627 | L37: =SUM(L38:L68) -> 1854.9485 | M37: =+L37/$D$90 -> 0.00082801675
B38: Accounting fees | D38: ='Form 2'!L29 -> 0 | H38: =26136+1000+1000+1000 -> 29136 | L38: =H38-D38 -> 29136
B39: Admin and management fees | D39: ='Form 2'!L30 -> 26126.252 | H39: 0 | L39: =H39-D39 -> -26126.252
B40: Advertising costs | D40: ='Form 2'!L32 -> 0 | L40: =H40-D40 -> 0
B41: Auditor's remuneration | D41: ='Form 2'!L31 -> 13197.388 | H41: 13197 | L41: =H41-D41 -> -0.388239
B42: Bank charges | D42: ='Form 2'!L33 -> 6869.4 | H42: 6869 | L42: =H42-D42 -> -0.4
B43: Books, periodicals & subscriptions | D43: ='Form 2'!L51 -> 3434.7 | H43: 0 | L43: =H43-D43 -> -3434.7
B44: Communication | D44: ='Form 2'!L43 -> 0 | L44: =H44-D44 -> 0
B45: Computer expenses | D45: ='Form 2'!L34 -> 6917.4858 | H45: =648*1.07*12 -> 8320.32 | L45: =H45-D45 -> 1402.8342
B46: Conferences & seminars - International | D46: 0 | L46: =H46-D46 -> 0
B47: Conferences & seminars - National | D47: 0 | L47: =H47-D47 -> 0
B48: Contingency / Sundry | D48: ='Form 2'!L35 -> 6869.4 | H48: =6869-0.45 -> 6868.55 | L48: =H48-D48 -> -0.85
B49: Donations | D49: ='Form 2'!L36 -> 0 | L49: =H49-D49 -> 0
B50: Food & beverages | D50: ='Form 2'!L37 -> 0 | L50: =H50-D50 -> 0
B51: Insurance | D51: ='Form 2'!L38 -> 17173.5 | H51: 17174 | L51: =H51-D51 -> 0.5
B52: Marketing and promotions | D52: ='Form 2'!L40 -> 0 | L52: =H52-D52 -> 0
B53: Meeting expenses | D53: ='Form 2'!L41 -> 24042.9 | H53: 24043 | L53: =H53-D53 -> 0.1
B54: Minor tools & equipment | D54: 0 | L54: =H54-D54 -> 0
B55: Motor vehicle expenses | D55: 0 | L55: =H55-D55 -> 0
B56: Office cleaning costs | D56: 0 | L56: =H56-D56 -> 0
B57: Office rental | D57: 0 | L57: =H57-D57 -> 0
B58: Office security | D58: 0 | L58: =H58-D58 -> 0
B59: Postage & courier | D59: 0 | L59: =H59-D59 -> 0
B60: Printing / stationery / photographic | D60: ='Form 2'!L47 -> 4121.64 | H60: 5000 | L60: =H60-D60 -> 878.36
B61: Rates and Service Accounts ex CCT | D61: 0 | L61: =H61-D61 -> 0
B62: Protective clothing | D62: 0 | L62: =H62-D62 -> 0
B63: Secretarial duties | D63: 0 | L63: =H63-D63 -> 0
B64: Staff welfare (tea, coffee, etc.) | D64: ='Form 2'!L50 -> 1602.86 | H64: 1603 | L64: =H64-D64 -> 0.14
B65: Telecommunication | D65: ='Form 2'!L52 -> 36570.396 | H65: 36570 | L65: =H65-D65 -> -0.3958
B66: Training | D66: 0 | L66: =H66-D66 -> 0
B67: Travel & subs - International | D67: 0 | L67: =H67-D67 -> 0
B68: Travel & subs - National | L68: =H68-D68 -> 0
B70: Projects | D70: =SUM(D71:D75) -> 0 | E70: =+D70/$D$90 -> 0 | H70: =SUM(H71:H75) -> 0 | I70: =+H70/$H$90 -> 0 | L70: =SUM(L71:L75) -> 0 | M70: =+L70/$D$90 -> 0
B71: Provide Detail | D71: 0 | L71: =H71-D71 -> 0
B72: Provide Detail | D72: 0 | L72: =H72-D72 -> 0
B73: Provide Detail | D73: 0 | L73: =H73-D73 -> 0
B74: Provide Detail | D74: 0 | L74: =H74-D74 -> 0
B75: Provide Detail | D75: 0 | L75: =H75-D75 -> 0
B77: Capital Expenditure (PPE) | D77: =SUM(D78:D86) -> 20000 | E77: =+D77/$D$90 -> 0.008927652 | H77: =SUM(H78:H86) -> 20000 | I77: =+H77/$H$90 -> 0.008913327 | L77: =SUM(L78:L86) -> 0 | M77: =+L77/$D$90 -> 0
B78: Office Furniture | L78: =H78-D78 -> 0
B79: Office Equipment | D79: 0 | L79: =H79-D79 -> 0
B80: Computer Equipment | D80: 0 | L80: =H80-D80 -> 0
B81: CCTV Cameras | D81: 0 | L81: =H81-D81 -> 0
B82: Fence | D82: ='Form 2'!L76 -> 20000 | H82: 20000 | L82: =H82-D82 -> 0
B83: Security Equipment | D83: 0 | L83: =H83-D83 -> 0
B84: Vehicles | D84: 0 | L84: =H84-D84 -> 0
B85: Other: Specify | D85: 0 | L85: =H85-D85 -> 0
B86: Other: Specify | L86: =H86-D86 -> 0
B88: Bad Debt Provision 3% | D88: =ROUND(((D37+D77+D35+D34+D33+D24+D17+D70+D10)/97*3),0) -> 67207 | E88: =+D88/$D$90 -> 0.030000036 | H88: =ROUND(((H37+H77+H35+H34+H33+H24+H17+H70+H10+H9)/97*3),0) -> 67207 | I88: =+H88/$H$90 -> 0.029951898 | L88: =H88-D88 -> 0 | M88: =+L88/$D$90 -> 0
B90: TOTAL EXPENDITURE | D90: =D35+D34+D33+D24+D17+D37+D88+D77+D70 -> 2240230.7 | E90: =SUM(E17:E89) -> 1 | H90: =H35+H34+H33+H24+H17+H37+H88+H77+H70 -> 2243831.1 | I90: =SUM(I17:I89) -> 1 | L90: =L35+L34+L33+L24+L17+L37+L88+L77+L70 -> 3600.3899 | M90: =SUM(M17:M89) -> 0.0016071514
B93: (SURPLUS) / SHORTFALL | D93: =(D90+D12) -> -0.319947 | H93: =(H90+H12) -> 0.07 | L93: =(L90+L12) -> 0.389947

Sheet Surplus Utilisation
A1: TRIANGLE INDUSTRIAL CITY IMPROVEMENT DISTRICT
A2: ='Form 3'!B2:B2 -> 2018/19
A4: PROPOSED UTILISATION OF ACCUMULATED SURPLUS
C6: Proposed Budget
B7: EXPENDITURE | D7: R
A9: 1. | B9: Operational Projects | D9: =SUM(D10:D19) -> 93600 | E9: =+D9/D30 -> 0.25742574
B10: Extra Foot Patrol for 12 mnths | D10: =7800*12 -> 93600
B11: Project detail
B12: Project detail
B13: Project detail
B14: Project detail
B15: Project detail
B16: Project detail
B17: Project detail
B18: Project detail
B19: Project detail
A21: 3. | B21: Assets | D21: =SUM(D22:D28) -> 270000 | E21: =D21/D30 -> 0.74257426
B22: Office Furniture
B23: Office Equipment
B24: Computer Equipment
B25: Upgrading of Wall Public Open Space/Reactor Street | D25: 150000
B26: Extension of Current Camera System | D26: 70000
B27: Refurbish exsisting fence Uranium Street | D27: 50000
B28: Other: Specify
B30: TOTAL EXPENDITURE | D30: =D9+D21 -> 363600 | E30: =SUM(E9:E29) -> 1
B34: Surplus | D34: =SUM(D35:D44) -> 1847575 | H34: Depreciation | I34: Retention | J34: Metrorail
B36: 2016 - 2017
B37: 2015 - 2016 | D37: 210669 | H37: 104137 | I37: 83299
B38: 2014 - 2015 | D38: 172257 | H38: 78538 | I38: 71781
B39: 2013 - 2014 | D39: 240667 | H39: 57198 | I39: 159879
B40: 2012 - 2013 | D40: 175502 | I40: 72869
B41: 2011 - 2012 | D41: 485392 | H41: 3377 | I41: 45597 | J41: 281780
B42: 2010 - 2011 | D42: 236490 | H42: 3685 | I42: 39122
B43: 2009 - 2010 | D43: 179153 | H43: 3685
B44: 2008 - 2009 | D44: 147445
B48: MMA Call Accounts | D48: =SUM(D49:D53) -> -532744
B50: Asset Replacement Fund | D50: =-146792+11056 -> -135736
B52: Strategic Fund [2 x Monthly Revenue R370,000] | D52: -397008
B56: Capex
D57: =SUM(D58:D72) -> -1331029.8
B58: 2016 - 2017
B59: 2015 - 2016 | D59: =-100857 -> -100857 | G59: Cameras Actuals
B60: 2015 - 2016 | D60: -6000 | G60: Gate at Wall Actuals
B61: 2014 - 2015 | D61: -429673 | G61: Boundary Wall Actuals
B62: 2014 - 2015 | D62: -14140 | G62: Pathway & Bollards [Actuals]
B63: 2014 - 2015 | D63: -21298.75 | G63: Millings for Atomic Street [Actuals]
B64: 2014 - 2015 | D64: -11700 | G64: Landscaping & paving & DPI [Actuals]
B65: 2014 - 2015 | D65: -13339 | G65: Laptop [Actual]
B66: 2013 - 2014 | D66: -49123 | G66: Boundary Wall
B67: 2012 - 2013
B68: 2011 - 2012 | D68: -191460 | G68: Boundary Wall
B69: 2010 - 2011 | D69: -482383 | G69: Boundary Wall
B70: 2009 - 2010
B71: 2008 - 2009 | D71: -11056 | G71: Computer
D75: =+D34+D57+D48 -> -16198.75

Sheet Sheet1
A1: Comments to the Adjustment Budget 2018/19
A2: As part of the mid-year review process SRAs have an opportunity to review and re-align their 2016/17 Budget. In the past we allowed for the changes to be made without any comments.
A3: However this year we would like each change to be linked to a comment i.e. reason for moving funds, so that we can understand the rationale.
A4: Below is a replica of the budget template. Please insert a comment at the relevant line item where changes are made.
A6: EXPENDITURE | B6: APPROVED BUDGET | C6: AMENDED BUDGET | D6: CHANGE | G6: Comments
A8: Employee Related | B8: =SUBTOTAL(9,B9:B12) -> 351105 | C8: =SUBTOTAL(9,C9:C12) -> 350907 | D8: =SUBTOTAL(9,D9:D12) -> -198
A9: Salaries | B9: 322297 | C9: 322297 | D9: =C9-B9 -> 0
A10: UIF & SDL | B10: 1950 | C10: 1752 | D10: =C10-B10 -> -198 | G10: UIF maximium
A11: SDL | B11: 0 | D11: =C11-B11 -> 0
A12: Bonus provision | B12: 26858 | C12: 26858 | D12: =C12-B12 -> 0
A14: Core Business | B14: =SUBTOTAL(9,B15:B20) -> 1518726 | C14: =SUBTOTAL(9,C15:C20) -> 1498376 | D14: =SUBTOTAL(9,D15:D20) -> -20350
A15: Cleansing services | B15: 325486 | C15: =25200*1.07*12 -> 323568 | D15: =C15-B15 -> -1918 | G15: Current Charge + 7%
A16: Environmental upgrading (Greening, landscaping, recycling, etc.) | B16: 24000 | C16: 24000 | D16: =C16-B16 -> 0
A17: Law Enforcement Officers | B17: 0 | D17: =C17-B17 -> 0
A18: Security Services - CCTV monitoring | B18: 25485 | C18: 25485 | D18: =C18-B18 -> 0
A19: Security services | B19: 1143755 | C19: =+(74400+10000)*1.08*12+27899 -> 1121723 | D19: =C19-B19 -> -22032 | G19: Increase was less than budget
A20: Social upliftment | B20: 0 | C20: =-C84 -> 3600 | D20: =C20-B20 -> 3600
A22: Depreciation | B22: 120000 | C22: =10710*12 -> 128520 | D22: =C22-B22 -> 8520 | G22: Additional Cameras
A23: Repairs and Maintenance | B23: 16267 | C23: =1000*12+(1405*1.07)*12 -> 30040.2 | D23: =C23-B23 -> 13773.2 | G23: Maintenance Plan for cameras
A24: Services Accounts ex CCT | B24: 0 | D24: =C24-B24 -> 0
A25: Interest Paid | B25: 0 | D25: =C25-B25 -> 0
A27: General Expenditure | B27: =SUBTOTAL(9,B28:B53) -> 146925 | C27: =SUBTOTAL(9,C28:C53) -> 148781 | D27: =SUBTOTAL(9,D28:D53) -> 1856
A28: Accounting fees | C28: =+(2178*12)+3000 -> 29136 | D28: =C28-B28 -> 29136 | G28: CIPC/New Director/Tax emption/Income Tax
A29: Administration and management fees | B29: 26126 | C29: 0 | D29: =C29-B29 -> -26126
A30: Auditor's remuneration | B30: 13197 | C30: 13197 | D30: =C30-B30 -> 0
A31: Advertising | D31: =C31-B31 -> 0
A32: Bank charges | B32: 6869 | C32: 6869 | D32: =C32-B32 -> 0
A33: Computer expenses (incl. Website) | B33: 6917 | C33: 8320 | D33: =C33-B33 -> 1403 | G33: Computer/Internet monthly maintenance fee
A34: Contingency / Sundry | B34: 6869 | C34: 6869 | D34: =C34-B34 -> 0
A35: Donations | D35: =C35-B35 -> 0
A36: Entertainment | D36: =C36-B36 -> 0
A37: Insurance | B37: 17174 | C37: 17174 | D37: =C37-B37 -> 0
A38: Lease rental on equipment | D38: =C38-B38 -> 0
A39: Marketing and promotions | D39: =C39-B39 -> 0
A40: Meeting expenses | B40: 24043 | C40: 24043 | D40: =C40-B40 -> 0
A41: Motor vehicle expenses | D41: =C41-B41 -> 0
A42: Operational costs | D42: =C42-B42 -> 0
A43: Postage | D43: =C43-B43 -> 0
A44: Printing and stationery | B44: 4122 | C44: 5000 | D44: =C44-B44 -> 878
A45: Protective clothing | D45: =C45-B45 -> 0
A46: Secretarial duties | D46: =C46-B46 -> 0
A47: Staff welfare (tea, coffee, etc.) | B47: 1603 | C47: 1603 | D47: =C47-B47 -> 0
A48: Subscriptions | B48: 3435 | C48: 0 | D48: =C48-B48 -> -3435 | G48: D not have any subscriptions
A49: Telecommunication | B49: 36570 | C49: 36570 | D49: =C49-B49 -> 0
A50: Training | D50: =C50-B50 -> 0
A51: Travelling | D51: =C51-B51 -> 0
D52: =C52-B52 -> 0
D53: =C53-B53 -> 0
A55: Operational Projects | B55: =SUBTOTAL(9,B56:B60) -> 0 | C55: =SUBTOTAL(9,C56:C60) -> 0 | D55: =SUBTOTAL(9,D56:D60) -> 0
A56: Urban Management | C56: 0 | D56: =C56-B56 -> 0
C57: 0 | D57: =C57-B57 -> 0
C58: 0 | D58: =C58-B58 -> 0
C59: 0 | D59: =C59-B59 -> 0
D60: =C60-B60 -> 0
A62: Capital Projects | B62: =SUBTOTAL(9,B63:B66) -> 0 | C62: =SUBTOTAL(9,C63:C66) -> 0 | D62: =SUBTOTAL(9,D63:D66) -> 0
C63: 0 | D63: =C63-B63 -> 0
A64: Project 2 | D64: =C64-B64 -> 0
A65: Project 3 | D65: =C65-B65 -> 0
A66: Project 4 | D66: =C66-B66 -> 0
A68: Capital Expenditure: PPE | B68: =SUBTOTAL(9,B69:B76) -> 20000 | C68: =SUBTOTAL(9,C69:C76) -> 20000 | D68: =SUBTOTAL(9,D69:D76) -> 0
A69: Office Furniture | D69: =C69-B69 -> 0
A70: Office Equipment | D70: =C70-B70 -> 0
A71: Computer Equipment | D71: =C71-B71 -> 0
A72: CCTV Cameras | D72: =C72-B72 -> 0
A73: Electric Fence | B73: 20000 | C73: 20000 | D73: =C73-B73 -> 0
A74: Security Equipment | D74: =C74-B74 -> 0
A75: Vehicles | D75: =C75-B75 -> 0
A76: Other: Specify | D76: =C76-B76 -> 0
A78: TOTAL EXPENDITURE | B78: =SUBTOTAL(9,B8:B76) -> 2173023 | C78: =SUBTOTAL(9,C8:C76) -> 2176624.2 | D78: =SUBTOTAL(9,D8:D76) -> 3601.2
A80: Bad Debt Provision 3% | B80: =+B83*0.03 -> -67206.93 | C80: =+C83*0.03 -> -67206.93 | D80: =+D83*0.03 -> 0
A82: INCOME | B82: APPROVED BUDGET | C82: AMENDED BUDGET | D82: CHANGE
A83: Income from add rates (less 3%) | B83: -2240231 | C83: -2240231 | D83: =C83-B83 -> 0
A84: Waste | C84: =-300*12 -> -3600 | D84: =C84-B84 -> -3600
D85: =C85-B85 -> 0
A87: TOTAL INCOME | B87: =SUBTOTAL(9,B83:B85) -> -2240231 | C87: =SUBTOTAL(9,C83:C85) -> -2243831 | D87: =SUBTOTAL(9,D83:D85) -> -3600
A88: BUDGET (SURPLUS) / SHORTFALL | B88: =B87+B78-B80 -> -1.07 | C88: =C87+C78-C80 -> 0.13 | D88: =D87+D78-D80 -> 1.2
